 Dungeon Crawl Stone Soup version 0.15.1-3-g1b33baa (webtiles) character file.

2273 CrazyArbalest the Slinger (level 9, -3/57 HPs)
             Began as a Halfling Fighter on Oct 9, 2014.
             Was a Believer of Makhleb.
             Slain by an orc warrior
             ... wielding a +0 glaive
              (24 damage)
             ... on Level 6 of the Dungeon.
             The game lasted 00:38:10 (6963 turns).

CrazyArbalest the Slinger (Halfling Fighter)        Turns: 6963, Time: 00:38:10

HP  -3/57        AC  9     Str 16      XL: 9   Next: 65%
MP  10/10        EV 14     Int  7      God: Makhleb [**....]
Gold 334         SH  6     Dex 17      Spells:  0 memorised,  8 levels left

rFire  . . .     SeeInvis .     b - +0 hunting sling
rCold  . . .     Clarity  .     w - +0 scale mail
rNeg   . . .     rCorr    .     c - +0 buckler
rPois  .         rRot     .     C - +0 helmet (curse)
rElec  .         Spirit   .     (no cloak)
SustAb .         Warding  .     (no gloves)
rMut   .         Stasis   .     g - +0 pair of boots
Gourm  .                        (no amulet)
MR     .....                    y - ring of flight
                                l - +4 ring of evasion

@: not resistant to hostile enchantments, extremely unstealthy
A: mutation resistance 1
a: Minor Destruction, Renounce Religion, Evoke Flight


You were on level 6 of the Dungeon.
You worshipped Makhleb.
Makhleb was pleased with you.
You were not hungry.

You visited 2 branches of the dungeon, and saw 8 of its levels.

You collected 334 gold pieces.

Inventory:

Hand weapons
 a - a +3 short sword
 b - a +0 hunting sling (weapon)
 r - a +0 cutlass
 B - a +1 dagger of speed
Missiles
 i - 135 stones (quivered)
Armour
 c - a +0 buckler (worn)
 g - a +0 pair of boots (worn)
 w - a +0 scale mail (worn)
 C - a cursed +0 helmet (worn)
Magical devices
 v - a wand of random effects (15)
 F - a wand of slowing (0)
Comestibles
 d - 6 bread rations
 q - 4 meat rations
 z - a fruit
 J - a beef jerky
Scrolls
 h - 2 scrolls of enchant weapon {unknown}
 j - 2 scrolls of noise {unknown}
 k - a scroll of blinking {unknown}
 m - 3 scrolls of remove curse {unknown}
 n - 3 scrolls of identify {unknown}
 p - a scroll of magic mapping {unknown}
 t - 3 scrolls of teleportation {unknown}
 x - 3 scrolls of recharging {unknown}
 L - a scroll of amnesia {unknown}
 M - a scroll of enchant armour {unknown}
Jewellery
 l - a +4 ring of evasion (left hand)
 y - a ring of flight (right hand)
 G - an uncursed ring of teleport control
Potions
 e - a potion of might
 u - 2 potions of heal wounds {unknown}
 A - 2 potions of haste {unknown}
 D - a potion of lignification {unknown}
 E - 2 potions of flight {unknown}
 H - 2 potions of berserk rage {unknown}
 I - a potion of beneficial mutation {unknown}
Books
 o - a book of Alchemy

   Spells                             Type                      Level
   Sublimation of Blood               Necromancy                   2
   Alistair's Intoxication            Transmutation/Poison         4
   Condensation Shield                Ice                          4
   Petrify                            Transmutation/Earth          4
   Ignite Poison                      Fire/Transmutation           5


   Skills:
 + Level 3.4 Fighting
 + Level 4.3 Short Blades
 * Level 13.8 Slings
 + Level 4.7 Armour
 + Level 3.1 Dodging
 + Level 0.2 Stealth
 + Level 4.8 Shields
 + Level 0.7 Evocations


You had 8 spell levels left.
You didn't know any spells.

Dungeon Overview and Level Annotations

Branches:
Dungeon (7/15)             Temple (1/1) D:4

Altars:
Ashenzari
Cheibriados
Dithmenos
Elyvilon
Fedhas
Kikubaaqudgha
Makhleb
Nemelex Xobeh
Okawaru
Qazlal
Sif Muna
Trog
Vehumet
Xom
Yredelemnul
Zin
The Shining One

Shops:
D:4 (*   D:5 (

Annotations:
D:4 Dustman's ghost, average DsCK
D:6 Psiweapon's ghost, experienced GrGl
D:7 Hodglim's ghost, experienced HECj


Innate Abilities, Weirdness & Mutations

You are small and have problems with some larger weapons.
You are somewhat resistant to further mutation.


Message History

Unknown command.
Unknown command.
The orc warrior completely misses you.
Read which item? (? for menu, Esc to quit)
Okay, then.
Unknown command.
Drink which item? (? for menu, Esc to quit)
You feel better. You block the orc warrior's attack.
The orc warrior hits you from afar with a glaive.
The orc warrior closely misses you. The orc warrior barely misses you.
The orc warrior hits you from afar with a glaive!
* * * LOW HITPOINT WARNING * * *
Things that are here:
a dagger; a robe; 3 stones Drink which item? (? for menu, Esc to quit)
You feel better. The orc warrior barely misses you. The orc warrior misses you.
The orc warrior hits you from afar with a glaive!!
You die...

##.###.############.# #.##......
#.....###...........# #.########
...........#######..## #.#
....#####..# #.#.# #.# ..#.##
#..# #...# #.# .###.####..####
#.#.###.# ## ##....)....#
#.#.#(..#
.###.####..##.####.#.#.### ..#.##
#....%..@.....(.# ####### .#..#
#.###.###.>#.#..# #...... .##.#
#.###.###o.#.#..###.##### .##.##
#.#...)......)...........
.....####......)...#.#..###.#####
.......(((.)#)###..#.#..# #.#
....o#######...##.......# #.#
.........##.#.#.##.#.#.## #.#
..........(..........#.# #.# ##


You could see an orc warrior.

Vanquished Creatures
  A hippogriff (D:7)
  A hungry ghost (D:6)
  An ice beast (D:6)
  A sky beast (D:5)
  An orc warrior (D:6)
  4 ogres
  2 centaurs
  2 giant frogs (D:6)
  11 jellies
  A goliath beetle (D:6)
  A crimson imp (D:5)
  2 hounds (D:5)
  A quasit (D:6)
  A giant frog zombie (D:6)
  2 orc priests
  An iguana (D:5)
  5 orc wizards
  Ijyb (D:3)
  A hound zombie (D:5)
  A hound skeleton (D:7)
  A shadow imp (D:5)
  2 adders (D:4)
  A worm (D:3)
  15 orcs
  12 bats
  A bat skeleton (D:4)
  12 goblins
  11 hobgoblins
  12 jackals
  2 oozes (D:3)
  3 quokkas
  4 ball pythons
  A ball python zombie (D:5)
  7 giant cockroaches
  4 giant geckos
  2 giant newts (D:3)
  2 hobgoblin skeletons
  A hobgoblin zombie (D:5)
  10 kobolds
  7 rats
  A rat skeleton (D:4)
  A rat zombie (D:5)
153 creatures vanquished.

Notes
Turn   | Place    | Note
--------------------------------------------------------------
     0 | D:1      | CrazyArbalest, the Halfling Fighter, began the quest for the Orb.
     0 | D:1      | Reached XP level 1. HP: 15/15 MP: 1/1
   228 | D:1      | Reached XP level 2. HP: 17/20 MP: 2/2
   592 | D:1      | Reached XP level 3. HP: 24/26 MP: 3/3
  1040 | D:2      | Found an ancient bone altar of Kikubaaqudgha.
  1090 | D:2      | Found a stormy altar of Qazlal.
  1873 | D:3      | Reached XP level 4. HP: 31/31 MP: 4/4
  2100 | D:3      | Noticed Ijyb
  2125 | D:3      | Killed Ijyb
  2125 | D:3      | Reached skill level 1 in Dodging
  2130 | D:3      | Reached skill level 4 in Armour
  2215 | D:3      | Reached XP level 5. HP: 12/36 MP: 5/5
  2785 | D:4      | Reached XP level 6. HP: 31/42 MP: 6/6
  3014 | D:4      | Found Qyasm's Weapon Shoppe.
  3171 | D:4      | Noticed an ogre
  3461 | D:4      | Found Fiemem's Serpentskin Sales.
  3469 | D:4      | Reached skill level 1 in Slings
  3556 | D:4      | Found a staircase to the Ecumenical Temple.
  3571 | Temple   | Entered the Ecumenical Temple
  3655 | Temple   | Became a worshipper of Makhleb the Destroyer
  3723 | D:4      | Noticed Dustman's ghost (average DsCK)
  3864 | D:4      | Killed an ogre
  4071 | D:5      | Entered Level 5 of the Dungeon
  4127 | D:5      | Noticed a sky beast
  4163 | D:5      | Found Gheroiv's Antique Weapon Boutique.
  4186 | D:5      | Killed a sky beast
  4186 | D:5      | Reached XP level 7. HP: 14/46 MP: 7/7
  4380 | D:5      | Reached skill level 5 in Slings
  4506 | D:5      | Reached skill level 6 in Slings
  4548 | D:5      | Reached skill level 7 in Slings
  4626 | D:5      | Found a white marble altar of Elyvilon.
  4627 | D:5      | Found a blossoming altar of Fedhas.
  4634 | D:5      | Found a bloodstained altar of Trog.
  4695 | D:5      | Reached XP level 8. HP: 50/52 MP: 8/8
  4726 | D:5      | Reached skill level 8 in Slings
  4884 | D:5      | Reached skill level 9 in Slings
  4891 | D:5      | Acquired Makhleb's first power
  5099 | D:5      | Reached skill level 10 in Slings
  5814 | D:6      | Reached skill level 11 in Slings
  5814 | D:6      | Reached XP level 9. HP: 57/57 MP: 10/10
  5847 | D:6      | Noticed Psiweapon's ghost (experienced GrGl)
  6171 | D:6      | Reached skill level 12 in Slings
  6230 | D:6      | Acquired Makhleb's second power
  6497 | D:6      | Reached skill level 13 in Slings
  6864 | D:7      | Noticed Hodglim's ghost (experienced HECj)
  6963 | D:6      | Slain by an orc warrior

Action                   |  1- 3 |  4- 6 |  7- 9 || total
-------------------------+-------+-------+-------++-------
Melee: Cutlass           |   138 |    49 |       ||   187
       Short sword       |       |    87 |       ||    87
 Fire: Hunting sling     |       |   114 |   458 ||   572
Evoke: Wand              |       |     4 |     9 ||    13
  Use: Potion            |       |     1 |     2 ||     3
  Eat: Chunk             |     3 |     7 |     7 ||    17
       Fruit             |       |       |     1 ||     1
       Pizza             |       |       |     1 ||     1
